 Dungeon Crawl Stone Soup version 0.28.0-43-g3370ac3207 (webtiles) character file.

Game seed: 19913122531542192

44 nickcage the Vexing (level 3, -2/16 HPs)
             Began as a Spriggan Enchanter on Mar 31, 2022.
             Slain by Terence
             ... wielding a +0 morningstar
              (18 damage)
             ... on level 2 of the Dungeon.
             The game lasted 00:06:59 (2019 turns).

nickcage the Vexing (Spriggan Enchanter)            Turns: 2019, Time: 00:07:01

Health: -2/16      AC:  6    Str:  4    XL:     3   Next: 41%
Magic:  0/8        EV: 17    Int: 16    God:
Gold:   49         SH:  0    Dex: 17    Spells: 5/7 levels left

rFire   . . .      SeeInvis +   a - +1 dagger
rCold   . . .      Faith    .   (no shield)
rNeg    . . .      Spirit   .   b - +0 robe
rPois   +          Reflect  .   (helmet restricted)
rElec   .          Harm     .   (no cloak)
rCorr   .          Rampage  .   (gloves unavailable)
Will    .....                   (boots unavailable)
Stlth   +++.......              (no amulet)
HPRegen 0.05/turn               f - ring of poison resistance
MPRegen 0.11/turn               k - +4 ring of protection

@: very quick
A: very small, no large weapons, unfitting armour, see invisible, speed 3
a: no special abilities


You were on level 2 of the Dungeon.
You visited 1 branch of the dungeon, and saw 2 of its levels.

You collected 49 gold pieces.

Inventory:

Hand Weapons
 a - a +1 dagger (weapon)
Armour
 b - a +0 robe (worn)
Jewellery
 f - a ring of poison resistance (left hand)
 k - a +4 ring of protection (right hand)
Scrolls
 e - a scroll of vulnerability {unknown}
 g - a scroll of fear {unknown}
 h - a scroll of torment {unknown}
 i - a scroll of teleportation {unknown}
 j - a scroll of identify {unknown}
 l - a scroll of silence {unknown}
Potions
 c - a potion of invisibility
 d - a potion of curing {unknown}


   Skills:
 - Level 1.1 Short Blades
 - Level 2.6 Dodging
 - Level 4.4 Stealth
 - Level 2.6 Spellcasting
 + Level 5.2 Hexes
 + Level 0.7 Ice Magic


You had 5 spell levels left.
You knew the following spells:

 Your Spells              Type           Power      Damage    Failure   Level
a - Ensorcelled Hibernat  Hex/Ice        22%        N/A       9%          2

Your spell library contained the following spells:

 Spells                   Type           Power      Damage    Failure   Level
 Confusing Touch          Hex            18%        N/A       7%          3
 Tukima's Dance           Hex            18%        N/A       7%          3
 Dazzling Flash           Conj/Hex       20%        N/A       21%         3


Dungeon Overview and Level Annotations

Branches:
Dungeon (2/15)

Altars:
Xom

Shops:
D:1 ?   D:2 (

Annotations:
D:2 Terence


Innate Abilities, Weirdness & Mutations

You are very small and have problems with some larger weapons.
You are too small for most types of armour.
You have supernaturally acute eyesight. (SInv)
You cover ground extremely quickly. (Speed+++)


Message History

The bat closely misses you. The bat closely misses you.
You hit the bat.
You kill the bat!
No target in view!
No target in view!
Terence the Incautious comes into view.
He is wielding a +0 morningstar.
You see here a +0 chain mail.
There is an entrance to Vokk's Antique Weapon Boutique here.
Terence shouts!
Casting: Ensorcelled Hibernation (safe; 9% risk of failure)
Confirm with . or Enter, or press ? or * to list all spells.
Aiming: Ensorcelled Hibernation (safe; 9% risk of failure)
Press: ? - help, Shift-Dir - straight line, f - Terence
Aim: Terence, wielding a +0 morningstar and wearing a +0 scale mail (chance to affect: 53%) Terence resists with significant effort.
Terence misses you.
Casting: Ensorcelled Hibernation (safe; 9% risk of failure)
Confirm with . or Enter, or press ? or * to list all spells.
Aiming: Ensorcelled Hibernation (safe; 9% risk of failure)
Press: ? - help, Shift-Dir - straight line, f/p - Terence
Aim: Terence, wielding a +0 morningstar and wearing a +0 scale mail (chance to affect: 53%) Terence resists with significant effort.
Terence drinks a potion.
Terence seems to grow stronger.
Casting: Ensorcelled Hibernation (safe; 9% risk of failure)
Confirm with . or Enter, or press ? or * to list all spells.
Aiming: Ensorcelled Hibernation (safe; 9% risk of failure)
Press: ? - help, Shift-Dir - straight line, f/p - Terence
Aim: Terence, wielding a +0 morningstar and wearing a +0 scale mail (strong, chance to affect: 53%) Terence resists with significant effort.
Terence misses you.
Casting: Ensorcelled Hibernation (safe; 9% risk of failure)
Confirm with . or Enter, or press ? or * to list all spells.
Aiming: Ensorcelled Hibernation (safe; 9% risk of failure)
Press: ? - help, Shift-Dir - straight line, f/p - Terence
Aim: Terence, wielding a +0 morningstar and wearing a +0 scale mail (strong, chance to affect: 53%) Terence resists with significant effort.
Terence hits you with a +0 morningstar!!
Ouch! That really hurt!
You die...

##.#...####.##.#.##..#
.........##.##.#.##..#
.#.#...#.....†.......#
...............[.∩...#
.......<.....#>#.#.)##
..######.###.#.#.#..#
.. #.# #.#.#.#..# ..
.# # #.#.#..# ..
#.#@...# #...@..#
###....# #..#.#
......# ##.#..# .#..#
.. .


You could see Terence (strong).

Vanquished Creatures
  2 worms (D:2)
  2 endoplasms (D:1)
  A giant cockroach (D:2)
  4 goblins (D:1)
  5 hobgoblins
  3 jackals (D:1)
  5 kobolds
  2 quokkas (D:1)
  A ball python (D:1)
  5 bats
  A frilled lizard (D:1)
  4 rats (D:1)
35 creatures vanquished.

Notes
Turn   | Place    | Note
-------+----------+-------------------------------------------
     0 | D:1      | nickcage the Spriggan Enchanter began the quest for the
                  | Orb.
     0 | D:1      | Reached XP level 1. HP: 9/9 MP: 5/5
   277 | D:1      | Reached skill level 4 in Hexes
   691 | D:1      | Reached XP level 2. HP: 13/13 MP: 6/6
   694 | D:1      | Learned a level 2 spell: Ensorcelled Hibernation
   923 | D:1      | Found a faded altar of an unknown god.
   924 | D:1      | Found Niotaus's Magic Scroll Shoppe.
  1298 | D:1      | Reached skill level 5 in Hexes
  1343 | D:1      | Reached XP level 3. HP: 16/16 MP: 5/8
  1841 | D:2      | Found a shimmering altar of Xom.
  1994 | D:2      | Found Vokk's Antique Weapon Boutique.
  2008 | D:2      | Noticed Terence
  2019 | D:2      | Slain by Terence

Illustrated notes

Levels and vault maps discovered:
D:1:      dpeg_arrival_water_temple_mockup, layout_basic, serial_shops,
          nicolae_diamond_shop, basic_ecumenical_altar
D:2:      layout_loops_ring, serial_shops, shop, basic_altar, feat_on_display,
          uniq_terence

Skill      XL: |  1  2 |
---------------+-------+-----
Hexes          | 4 5 |  5.2
Short Blades   | |  1.1
Dodging        | |  2.6
Stealth        | |  4.4
Spellcasting   | |  2.6
Ice Magic      | |  0.7

Action                   || total
-------------------------++-------
Melee: Dagger            ||   116
 Cast: Ensorcelled Hiber ||    24
 Stab: Sleeping          ||    17
       Distracted        ||     1
Armor: Robe              ||     4
Dodge: Dodged            ||   104
